 Dungeon Crawl Stone Soup version 0.30-a0-6-g7c9e10e132 (webtiles) character file.

Game seed: 14463573744304805743

266 Flugkiller the Chopper (level 6, -4/56 HPs)
             Began as a Minotaur Fighter on Aug 23, 2022.
             Killed from afar by a gnoll sergeant (7 damage)
             ... with a puff of flame
             ... on level 4 of the Dungeon.
             The game lasted 00:01:07 (2887 turns).

Flugkiller the Chopper (Minotaur Fighter)           Turns: 2887, Time: 00:01:07

Health: -4/56      AC:  7    Str: 20    XL:     6   Next: 0%
Magic:  5/5        EV:  9    Int:  5    God:
Gold:   114        SH:  9    Dex: 12    Spells: 5/5 levels left

rFire   . . .      SeeInvis .    a - +0 war axe
rCold   . . .      Faith    .    c - +0 buckler
rNeg    . . .      Spirit   .    b - +0 scale mail
rPois   +          Reflect  +    (helmet restricted)
rElec   .          Harm     .    (no cloak)
rCorr   .          Rampage  .    (no gloves)
Will    .....                    (no boots)
Stlth   ..........               r - amulet of reflection
HPRegen 0.18/turn                (no ring)
MPRegen 0.09/turn                o - ring of poison resistance

@: no status effects
A: horns 2, retaliatory headbutt
a: no special abilities


You were on level 4 of the Dungeon.
You visited 1 branch of the dungeon, and saw 5 of its levels.

You collected 114 gold pieces.

Inventory:

Hand Weapons
 a - a +0 war axe (weapon)
Missiles
 g - a throwing net (quivered)
Armour
 b - a +0 scale mail (worn)
 c - a +0 buckler (worn)
Jewellery
 o - a ring of poison resistance (right hand)
   (You found it on level 2 of the Dungeon)
 r - an amulet of reflection (around neck)
   (You found it on level 4 of the Dungeon)
Wands
 q - a wand of roots (12)
   (You found it on level 4 of the Dungeon)
Scrolls
 e - 2 scrolls of blinking {unknown}
 h - 3 scrolls of fear {unknown}
 j - a scroll of poison {unknown}
 l - a scroll of amnesia {unknown}
 m - a scroll of noise {unknown}
 n - a scroll of enchant weapon {unknown}
 p - a scroll of identify {unknown}
Potions
 d - a potion of might
 f - a potion of flight {unknown}
 i - 2 potions of attraction {unknown}
 k - 2 potions of berserk rage {unknown}
 s - 2 potions of brilliance {unknown}
 t - 2 potions of curing {unknown}


   Skills:
 + Level 5.1 Fighting
 * Level 5.6 Axes
 + Level 5.1 Armour
 - Level 3.6 Shields


You had 5 spell levels left.
You didn't know any spells.
Your spell library was empty.

Dungeon Overview and Level Annotations

Branches:
Dungeon (5/15)
 Temple: D:4-7

Altars:
Wu Jian


Innate Abilities, Weirdness & Mutations

You have a pair of horns on your head.
You reflexively headbutt those who attack you in melee.


Message History

You slash the gnoll! Your headbutt misses the gnoll.
The gnoll is severely wounded.
The gnoll closely misses you. You block the gnoll's attack. x2
You closely miss the gnoll. You headbutt the gnoll.
The gnoll is almost dead.
The gnoll closely misses you. The gnoll barely misses you.
You block the gnoll's attack.
You hit the gnoll. You headbutt the gnoll.
You kill the gnoll!
The gnoll throws a throwing net.
You reflect the throwing net off an invisible shield around you!
The throwing net hits the gnoll.
The gnoll is caught in the net!
The gnoll struggles against the net.
You block the gnoll's attack.
The gnoll struggles against the net.
A gnoll sergeant comes into view.
It is wielding a +0 trident and carrying a wand of flame (13).
The gnoll hits you but does no damage.
The gnoll struggles against the net.
The gnoll sergeant barely misses you. The gnoll hits you with a +0 spear.
You see here a +0 halberd.
You strike the helpless gnoll from behind!
You hit the gnoll but do no damage. You headbutt the gnoll!
The gnoll is heavily wounded.
You hit the gnoll.
The gnoll struggles against the net.
You block the gnoll sergeant's attack. The gnoll barely misses you.
You catch the helpless gnoll completely off-guard!
You slash the gnoll!
You kill the gnoll!
You hit the gnoll but do no damage. You block the gnoll's attack.
You block the gnoll sergeant's attack.
You hit the gnoll but do no damage.
The gnoll is moderately wounded.
The gnoll hits you with a +0 spear. You block the gnoll sergeant's attack.
You block the gnoll's attack. The gnoll sergeant closely misses you.
You hit the gnoll but do no damage.
The gnoll is moderately wounded.
You block the gnoll sergeant's attack. You block the gnoll's attack.
You hit the gnoll.
The gnoll is heavily wounded.
You block the gnoll sergeant's attack. The gnoll hits you with a +0 spear.
You hit the gnoll.
The gnoll is severely wounded.
The gnoll sergeant barely misses you. You block the gnoll's attack.
You hit the gnoll.
You kill the gnoll!
You block the gnoll sergeant's attack.
You have reached level 6!
There is a stone staircase leading down, spattered with blood here.
The gnoll sergeant barely misses you.
You climb downwards.
There is a stone staircase leading up here.
You start resting.
HP restored.
You climb upwards.
There is a stone staircase leading down, spattered with blood here.
The gnoll sergeant zaps a wand.
The puff of flame hits you!
The gnoll sergeant hits you from afar with a +0 trident.
You see here a +0 halberd.
The gnoll sergeant zaps a wand.
The puff of flame hits you!
Things that are here:
a +0 spear; a gnoll corpse You hit the gnoll sergeant.
You headbutt the gnoll sergeant, but do no damage.
The gnoll sergeant is lightly wounded.
You block the gnoll sergeant's attack.
You closely miss the gnoll sergeant.
The gnoll sergeant is lightly wounded.
The gnoll sergeant zaps a wand.
The puff of flame hits you but does no damage.
You barely miss the gnoll sergeant.
The gnoll sergeant is lightly wounded.
You block the gnoll sergeant's attack. The gnoll sergeant closely misses you.
You hit the gnoll sergeant but do no damage.
You headbutt the gnoll sergeant.
The gnoll sergeant is lightly wounded.
The gnoll sergeant hits you but does no damage.
You hit the gnoll sergeant.
The gnoll sergeant is lightly wounded.
The gnoll sergeant hits you with a +0 trident!
You closely miss the gnoll sergeant.
The gnoll sergeant is lightly wounded.
The gnoll sergeant zaps a wand.
The puff of flame hits you!
* * * LOW HITPOINT WARNING * * *
The gnoll sergeant hits you with a +0 trident.
* * * LOW HITPOINT WARNING * * *
You are too injured to fight recklessly!
You are too injured to fight recklessly!
You are too injured to fight recklessly!
You are too injured to fight recklessly!
You are too injured to fight recklessly!
You are too injured to fight recklessly!
You are too injured to fight recklessly!
You are too injured to fight recklessly!
You barely miss the gnoll sergeant.
The gnoll sergeant is lightly wounded.
The gnoll sergeant hits you with a +0 trident!
* * * LOW HITPOINT WARNING * * *
You slash the gnoll sergeant! You headbutt the gnoll sergeant.
The gnoll sergeant is heavily wounded.
The gnoll sergeant zaps a wand.
The puff of flame hits you!
You die...

## ######### ######
.....#.......# #....#
.....#.#.....###....#
....................#
:....#.#............#
.......#...g(....####
.........)@......##########
#..(.....)[...............(
.#...)).##.##...#....#####
#....>##♣.♣##.......# ##
#.###.# ♣.♣ #....#### #. ..
###♣g))♣##...# #. .. ♣...♣
##..# #. ..... ##.# #.
♣)..♣.♣ ### #.


You could see a gnoll sergeant.

Vanquished Creatures
  2 hounds
  2 iguanas
  An adder (D:3)
  10 gnolls
  An orc (D:4)
  8 ball pythons
  5 endoplasms
  3 goblins
  4 hobgoblins
  3 jackals (D:1)
  5 quokkas
  6 bats
  A frilled lizard (D:2)
  4 kobolds
  2 rats
57 creatures vanquished.

Vanquished Creatures (others)
  5 plants (D:5)
5 creatures vanquished.

Grand Total: 62 creatures vanquished

Notes
Turn   | Place    | Note
-------+----------+-------------------------------------------
     0 | D:1      | Flugkiller the Minotaur Fighter began the quest for the
                  | Orb.
     0 | D:1      | Reached XP level 1. HP: 19/19 MP: 0/0
    58 | D:1      | Reached XP level 2. HP: 22/27 MP: 1/1
   905 | D:2      | Reached XP level 3. HP: 33/33 MP: 2/2
  1109 | D:2      | You fall into a shaft and drop 1 floor!
  1897 | D:4      | Reached XP level 4. HP: 31/41 MP: 3/3
  2206 | D:4      | Found an ornate altar of the Wu Jian Council.
  2522 | D:4      | Reached XP level 5. HP: 32/47 MP: 4/4
  2530 | D:5      | Entered Level 5 of the Dungeon
  2536 | D:5      | Reached skill level 5 in Axes
  2703 | D:4      | Reached skill level 5 in Fighting
  2703 | D:4      | Reached skill level 5 in Armour
  2718 | D:4      | Reached XP level 6. HP: 27/56 MP: 5/5
  2887 | D:4      | Killed from afar by a gnoll sergeant

Illustrated notes

Levels and vault maps discovered:
D:1:      heliophobic_arrival_henge, layout_basic, minmay_box_of_dots
D:2:      layout_basic, shapermc_ecumenical_altar_flowoftime, basic_altar
D:3:      layout_basic
D:4:      layout_basic, kennysheep_mini_moat, pf_guarded_unrand_woodcutter
D:5:      layout_basic, mainiacjoe_overflow_catwalk_spiral,
          minmay_temple_entry_overgrown, nrook_campfire, serial_bayou_pond_e,
          nicolae_hexahallways, st_stairs_10, uniq_eustachio

Skill      XL: |  1  2  3  4  5 |
---------------+----------------+-----
Axes           | 3 4 5 |  5.6
Fighting       | 4 5 |  5.1
Armour         | 4 5 |  5.1
Shields        | |  3.6

Action                   |  1- 3 |  4- 6 || total
-------------------------+-------+-------++-------
Melee: War axe           |    86 |    41 ||   127
       Headbutt          |     9 |    10 ||    19
 Stab: Held in net/web   |       |     2 ||     2
Armor: Scale mail        |    48 |    14 ||    62
Dodge: Dodged            |    44 |    28 ||    72
Block: Buckler           |    28 |    38 ||    66
       Reflection        |       |     1 ||     1

Table legend: (Time is in decaauts)
 A = Elapsed time spent in this place.
 B = Non-inter-level travel time spent in this place.
 C = Inter-level travel time spent in this place.
 D = Time resting spent in this place.
 E = Time spent auto-exploring this place.
 F = Levels seen in this place.
 G = Mean time per level.
                   A        B        C        D        E       F      G
               +--------+--------+--------+--------+--------+-----+--------+
         Total |   2930 |   2871 |     59 |    312 |   2179 |   5 |  586.0 |
       Dungeon |   2930 |   2871 |     59 |    312 |   2179 |   5 |  586.0 |
               +--------+--------+--------+--------+--------+-----+--------+

Top non-repeatable levels by time:
     D:3: 785 daAuts
     D:1: 780 daAuts
     D:4: 685 daAuts
     D:2: 353 daAuts
     D:5: 326 daAuts
